 Dungeon Crawl Stone Soup version 0.29.1-12-g30fa7ad0bf (webtiles) character file.

Game seed: 3542234515700147644

299 Radix the Cutter (level 6, -1/35 HPs)
             Began as a Deep Elf Brigand on Jan 16, 2023.
             Killed from afar by a white imp (2 damage)
             ... with a puff of frost
             ... summoned by Natasha
             ... on level 3 of the Dungeon.
             The game lasted 00:14:57 (3643 turns).

Radix the Cutter (Deep Elf Brigand)                 Turns: 3643, Time: 00:14:57

Health: -1/35      AC: 10    Str:  8    XL:     6   Next: 13%
Magic:  0/17       EV: 10    Int: 18    God:
Gold:   243        SH:  0    Dex: 16    Spells: 5/5 levels left

rFire   . . .      SeeInvis .   a - +2 dagger
rCold   . . .      Faith    .   (no shield)
rNeg    . . .      Spirit   +   n - +3 ring mail "Deonwo" {Rampage rElec}
rPois   .          Reflect  .   s - +0 helmet
rElec   +          Harm     .   c - +0 cloak
rCorr   .          Rampage  +   (no gloves)
Will    .....                   (no boots)
Stlth   ++........              u - amulet of guardian spirit
HPRegen 0.11/turn               m - ring of magical power
MPRegen 0.15/turn               (no ring)

@: no status effects
A: no striking features
a: no special abilities


You were on level 3 of the Dungeon.
You visited 1 branch of the dungeon, and saw 3 of its levels.

You collected 243 gold pieces.

Inventory:

Hand Weapons
 a - a +2 dagger (weapon)
Missiles
 d - 30 poisoned darts (quivered)
 e - 3 curare-tipped darts
Armour
 b - a +0 robe
 c - a +0 cloak (worn)
 h - a +0 leather armour
 n - the +3 ring mail "Deonwo" (worn) {Rampage rElec}
   (You found it on level 2 of the Dungeon)

   rElec:     It insulates you from electricity.
   Rampage:   It bestows one free step when moving towards enemies.
 s - a +0 helmet (worn)
Jewellery
 g - an amulet of faith
 m - a ring of magical power (left hand)
 p - a ring of wizardry
 q - a ring of ice
 u - an amulet of guardian spirit (around neck)
Scrolls
 i - 2 scrolls of silence {unknown}
 t - a scroll of fear {unknown}
 v - a scroll of vulnerability {unknown}
 w - a scroll of identify {unknown}
Potions
 f - a potion of heal wounds {unknown}
 j - a potion of berserk rage {unknown}
 l - 2 potions of degeneration {unknown}
 o - a potion of lignification {unknown}
 r - a potion of attraction {unknown}


   Skills:
 - Level 2.2 Fighting
 + Level 6.1 Short Blades
 - Level 2.0 Throwing
 - Level 1.2 Dodging
 - Level 5.0 Stealth


You had 5 spell levels left.
You didn't know any spells.
Your spell library contained the following spells:

 Spells                   Type           Power      Damage    Failure   Level
 Beastly Appendage        Tmut           0%         N/A       56%         1
 Freeze                   Ice            0%         1d3       56%         1
 Wereblood                Tmut           0%         N/A       71%         2
 Conjure Flame            Conj/Fire      0%         6-21      90%         3
 Frozen Ramparts          Ice            0%         1d1       90%         3
 Ignite Poison            Fire/Tmut/Pois 0%         N/A       90%         3
 Spider Form              Tmut/Pois      0%         N/A       90%         3
 Hailstorm                Conj/Ice       0%         3d3       100%        4
 Ignition                 Fire           0%         3d3       100%        8


Dungeon Overview and Level Annotations

Branches:
Dungeon (3/15)

Altars:
Makhleb
Okawaru

Annotations:
D:3 3 runed translucent doors, Natasha; hawla's ghost, weakling MeIE


Message History

The white imp hits you.
* * * LOW HITPOINT WARNING * * *
The white imp freezes you.
* * * LOW HITPOINT WARNING * * *
The white imp hits you but does no damage.
The white imp hits you.
* * * LOW HITPOINT WARNING * * *
The white imp freezes you.
* * * LOW HITPOINT WARNING * * *
The white imp barely misses you. The white imp attacks as you move away!
The white imp hits you but does no damage.
The white imp gestures at you. The puff of frost hits you.
* * * LOW HITPOINT WARNING * * *
There is an open gate here.
The white imp attacks as you move away! The white imp barely misses you.
Natasha zaps a wand.
You resist with some effort.
It was a potion of curing.
You feel better.
The white imp hits you but does no damage.
The white imp attacks as you move away! The white imp closely misses you.
Natasha casts a spell.
The white imp attacks as you move away! The white imp hits you.
* * * LOW HITPOINT WARNING * * *
The white imp freezes you.
* * * LOW HITPOINT WARNING * * *
You feel better. The white imp gestures at you. The puff of frost hits you.
* * * LOW HITPOINT WARNING * * *
You hit the white imp but do no damage. You hit the white imp but do no damage.
The white imp gestures at you. The puff of frost hits you!
* * * LOW HITPOINT WARNING * * *
The white imp attacks as you move away!
The white imp hits you but does no damage.
The white imp gestures at you. The puff of frost hits you.
You die...

##.# #.................#.#
...###.######.############
#...........#.#...##.....#
.#.###.####.#.#.#.##.≈≈≈.#
.#.###....#..<....5'.≈...#
......###.#####....'5≈._.#
......# #.##...55#.'.≈...#
......###'##.###.###.≈5≈.#
.......#<..#># #@# #.....#
...###.###.'.# #.#########
...#.....#.### #.....#
.#+###.###.# #######
...#.....#.# .#.###.###.#
#.#.....#.# #.###.#####
#.#.....#


You could see 2 white imps.

Vanquished Creatures
  A scorpion (D:3)
  An orc priest (D:3)
  Terence (D:3)
  Natasha (D:3)
  2 orc wizards (D:3)
  Robin (D:3)
  2 adders
  A worm (D:3)
  3 dart slugs (D:1)
  5 orcs (D:3)
  10 endoplasms
  2 giant cockroaches
  12 goblins
  2 hobgoblins
  4 kobolds
  3 quokkas (D:1)
  9 ball pythons
  7 bats
  3 frilled lizards
  5 rats
75 creatures vanquished.

Notes
Turn   | Place    | Note
-------+----------+-------------------------------------------
     0 | D:1      | Radix the Deep Elf Brigand began the quest for the Orb.
     0 | D:1      | Reached XP level 1. HP: 12/12 MP: 3/3
   189 | D:1      | Reached skill level 5 in Stealth
   319 | D:1      | Reached XP level 2. HP: 17/17 MP: 4/4
   413 | D:1      | Found a faded altar of an unknown god.
  1013 | D:1      | Reached XP level 3. HP: 17/21 MP: 5/5
  1493 | D:2      | Got Sif Muna's Octavo of Kindling
  1625 | D:2      | Reached skill level 3 in Short Blades
  1943 | D:2      | Found an iron altar of Okawaru.
  2297 | D:2      | Identified the +3 ring mail "Deonwo" {Rampage rElec}
  2470 | D:3      | Noticed Natasha
  2473 | D:3      | Killed Natasha
  2474 | D:3      | Reached XP level 4. HP: 26/26 MP: 6/6
  2482 | D:3      | Noticed hawla's ghost (weakling MeIE)
  2489 | D:3      | Found a runed translucent gate.
  2489 | D:3      | Found a runed translucent gate.
  2489 | D:3      | Found a runed translucent gate.
  2494 | D:3      | Reached skill level 4 in Short Blades
  2662 | D:3      | Reached XP level 5. HP: 5/30 MP: 7/7
  2714 | D:3      | Noticed Natasha
  2811 | D:3      | Reached skill level 5 in Short Blades
  3042 | D:3      | Noticed Robin
  3066 | D:3      | Killed Robin
  3318 | D:3      | Reached XP level 6. HP: 33/35 MP: 8/8
  3319 | D:3      | Noticed Terence
  3363 | D:3      | Killed Terence
  3364 | D:3      | Reached skill level 6 in Short Blades
  3450 | D:3      | Found a burning altar of Makhleb.
  3634 | D:3      | HP: 1/35 [white imp/puff of frost[Natasha] (1)]
  3642 | D:3      | HP: 1/35 [white imp/puff of frost[Natasha] (7)]
  3643 | D:3      | Killed from afar by a white imp

Illustrated notes

Levels and vault maps discovered:
D:1:      dpeg_arrival_radiant, layout_loops_corners,
          hellmonk_ecumenical_altar_arch_garden
D:2:      layout_basic, basic_altar
D:3:      layout_basic, mainiacjoe_overflow_alcove_4, gammafunk_ghost_split,
          minmay_misc_feat_hallway, minmay_circle_x, uniq_sigmund, uniq_terence,
          uniq_robin, uniq_natasha, uniq_crazy_yiuf_cottage

Skill      XL: |  1  2  3  4  5  6 |
---------------+-------------------+-----
Stealth        | 5 |  5.0
Fighting       | 2 |  2.2
Short Blades   | 3 4 5 6 |  6.1
Throwing       | |  2.0
Dodging        | |  1.2

Action                   |  1- 3 |  4- 6 || total
-------------------------+-------+-------++-------
Melee: Dagger            |   116 |   160 ||   276
       Punch             |     2 |     1 ||     3
Throw: Dart              |       |    24 ||    24
  Use: Scroll            |     2 |       ||     2
       Potion            |       |     2 ||     2
 Stab: Sleeping          |     9 |     3 ||    12
Armor: Leather armour    |    35 |       ||    35
       Robe              |     2 |       ||     2
       Ring mail         |       |    57 ||    57
       Skin              |       |     3 ||     3
Dodge: Dodged            |    71 |    71 ||   142
